 Dungeon Crawl Stone Soup version 0.26-a0-611-g354ed81502 (webtiles) character file.

Game seed: 2042060208070036211

34 ANON1729 the Ducker (level 3, -3/22 HPs)
             Began as a Kobold Gladiator on Sept 6, 2020.
             Slain by a hound (4 damage)
             ... on level 3 of the Dungeon.
             The game lasted 00:02:12 (877 turns).

ANON1729 the Ducker (Kobold Gladiator)               Turns: 877, Time: 00:02:13

Health: -3/22      AC:  5    Str: 12    XL:     3   Next: 50%
Magic:  3/3        EV: 16    Int:  9    God:
Gold:   40         SH:  5    Dex: 16    Spells: 2/2 levels left

rFire    . . .     SeeInvis .   a - +0 quarterstaff
rCold    . . .     Faith    .   (shield currently unavailable)
rNeg     . . .     Spirit   .   b - +0 leather armour
rPois    .         Reflect  +   c - +0 helmet
rElec    .         Harm     .   (no cloak)
rCorr    .         Rnd*Rage +   (no gloves)
MR       .....                  k - +0 pair of boots
Stlth    +++.......             j - amulet of reflection
HPRegen  0.07/turn              (no ring)
MPRegen  0.08/turn              (no ring)

@: flying
A: small, berserk 1, nightstalker 3
a: no special abilities


You were on level 3 of the Dungeon.
You visited 1 branch of the dungeon, and saw 4 of its levels.

You collected 40 gold pieces.

Inventory:

Hand Weapons
 a - a +0 quarterstaff (weapon)
Missiles
 d - 3 throwing nets (quivered)
 f - 5 boomerangs
 g - 7 curare-tipped darts
Armour
 b - a +0 leather armour (worn)
 c - a +0 helmet (worn)
 k - a +0 pair of boots (worn)
Jewellery
 j - an amulet of reflection (around neck)
Scrolls
 e - a scroll of amnesia {unknown}
 i - a scroll of identify {unknown}


   Skills:
 + Level 2.7 Fighting
 + Level 3.0 Staves
 - Level 2.3 Throwing
 + Level 4.1 Dodging
 + Level 1.5 Stealth


You had 2 spell levels left.
You didn't know any spells.
Your spell library was empty.

Dungeon Overview and Level Annotations

Branches:
Dungeon (4/15)
 Temple: D:4-7

Altars:
Gozag


Innate Abilities, Weirdness & Mutations

You are small and have problems with some larger weapons.
You are completely attuned to the shadows.
You tend to lose your temper in combat.


Message History

The hound completely misses you.
Found 13 stones.
A frilled lizard comes into view.
The hound misses you.
You see here 13 stones.
The hound bites you but does no damage. The hound closely misses you.
The hound bites you.
* * * LOW HITPOINT WARNING * * *
Found a spear.
A worm comes into view.
The hound barely misses you.
Found a purple potion.
You see here a spear.
The worm bites you.
* * * LOW HITPOINT WARNING * * *
The hound bites you but does no damage. The hound barely misses you.
The worm bites you but does no damage. The hound bites you.
You die...

###.##o..#o#
#. #.###.#
#.l..#
#.#######
...##
#.......#
##.
#.......#
#....o).#
#.......#
......hw#
....!.@#
......#
......#
......#
######


You could see a worm, a hound and an orc wizard.

Vanquished Creatures
  A gnoll (D:4)
  2 orcs (D:4)
  2 bats (D:1)
  A giant cockroach (D:1)
  3 hobgoblins (D:1)
  4 kobolds
  2 frilled lizards
  3 goblins (D:1)
  5 rats
23 creatures vanquished.

Notes
Turn   | Place    | Note
-------+----------+-------------------------------------------
     0 | D:1      | ANON1729 the Kobold Gladiator began the quest for the Orb.
     0 | D:1      | Reached XP level 1. HP: 12/12 MP: 1/1
   109 | D:1      | Reached XP level 2. HP: 18/18 MP: 2/2
   608 | D:1      | Reached skill level 1 in Stealth
   713 | D:2      | Found an opulent altar of Gozag.
   786 | D:2      | Reached skill level 4 in Dodging
   786 | D:2      | Reached XP level 3. HP: 22/22 MP: 3/3
   788 | D:2      | You fall into a shaft and drop 1 floor!
   846 | D:4      | Gained mutation: You are weak. (Str -2) [potion of
                  | mutation]
   846 | D:4      | Gained mutation: You tend to lose your temper in combat.
                  | [potion of mutation]
   846 | D:4      | Lost mutation: You are weak. (Str -2) [potion of mutation]
   870 | D:3      | HP: 1/22 [hound (1)]
   875 | D:3      | HP: 1/22 [worm (1)]
   877 | D:3      | Slain by a hound

Illustrated notes

Levels and vault maps discovered:
D:1:      tarquinn_simple_flora_water_d, layout_basic
D:2:      layout_loops_cross, overflow_temple_1_default
D:3:      layout_rooms
D:4:      layout_gridville, ashenzari_conservatory_becter, dk_rats_in_the_wall

Skill      XL: |  1  2  3 |
---------------+----------+-----
Stealth        | 1 |  1.5
Dodging        | 4 |  4.1
Staves         | 3 |  3.0
Fighting       | |  2.7
Throwing       | |  2.3

Action                   || total
-------------------------++-------
Melee: Quarterstaff      ||    74
  Use: Potion            ||     2
 Stab: Sleeping          ||     7
Armor: Leather armour    ||     9
Dodge: Dodged            ||    78
Block: Other             ||     5

Table legend: (Time is in decaauts)
 A = Elapsed time spent in this place.
 B = Non-inter-level travel time spent in this place.
 C = Inter-level travel time spent in this place.
 D = Time resting spent in this place.
 E = Time spent auto-exploring this place.
 F = Levels seen in this place.
 G = Mean time per level.
                   A        B        C        D        E       F      G
               +--------+--------+--------+--------+--------+-----+--------+
         Total |    890 |    809 |     81 |     28 |    553 |   4 |  222.5 |
       Dungeon |    890 |    809 |     81 |     28 |    553 |   4 |  222.5 |
               +--------+--------+--------+--------+--------+-----+--------+

Top non-repeatable levels by time:
     D:1: 721 daAuts
     D:2: 78 daAuts
     D:4: 63 daAuts
     D:3: 27 daAuts
